 Dungeon Crawl Stone Soup version 0.19.1 (webtiles) character file.

3659 Mefis the Thaumaturge (level 9, -4/51 HPs)
             Began as a Deep Elf Wizard on Dec 22, 2016.
             Was a Believer of Sif Muna.
             Slain by a slime creature (9 damage)
             ... on level 7 of the Dungeon.
             The game lasted 00:31:44 (8321 turns).

Mefis the Thaumaturge (Deep Elf Wizard)             Turns: 8321, Time: 00:31:44

Health: -4/51      AC:  4    Str:  4    XL:     9   Next: 89%
Magic:  17/24      EV: 16    Int: 27    God:    Sif Muna [**....]
Gold:   268        SH:  0    Dex: 16    Spells: 9 memorised, 6 levels left

rFire  + . .     SeeInvis .     a - +2 quarterstaff (chaos)
rCold  . . .     Gourm    .     q - +0 robe
rNeg   . . .     Faith    .     (shield currently unavailable)
rPois  .         Spirit   .     D - +0 hat
rElec  .         Reflect  .     r - +0 cloak
rCorr  .         Harm     .     (no gloves)
MR     .....                    J - +0 pair of boots
Stlth  +++.......               j - amulet of magic regeneration
                                H - ring of protection from fire
                                n - +3 ring of dexterity

@: repel missiles, divine energy
A: no striking features
a: Stop Divine Energy, Renounce Religion


You were on level 7 of the Dungeon.
You worshipped Sif Muna.
Sif Muna was pleased with you.
You were very hungry.

You visited 2 branches of the dungeon, and saw 8 of its levels.
You also visited: Sewer.

You collected 268 gold pieces.

Inventory:

Hand Weapons
 a - a +2 quarterstaff of chaos (weapon)
 b - a +0 blowgun
 v - a +0 hunting sling
Missiles
 y - 24 sling bullets
 I - 45 poisoned needles
Armour
 f - a +0 buckler
 q - a +0 robe (worn)
 r - a +0 cloak (worn)
 D - a +0 hat (worn)
 J - a +0 pair of boots (worn)
Jewellery
 j - an amulet of magic regeneration (around neck)
 n - a +3 ring of dexterity (left hand)
 z - an uncursed ring of ice
 H - a ring of protection from fire (right hand)
Wands
 l - a wand of slowing (23/48)
Scrolls
 e - 2 scrolls of remove curse
 k - 6 scrolls of amnesia
 s - a scroll of immolation
 u - 2 scrolls of fear
 C - a scroll of fog
 K - a scroll of teleportation
 L - 2 scrolls of identify
Potions
 g - 3 potions of brilliance
 i - a potion of berserk rage
 m - a potion of cancellation
 o - 3 potions of heal wounds
 t - 4 potions of flight
 w - a potion of invisibility {unknown}
 x - a potion of haste {unknown}
 A - 3 potions of might
 B - a potion of lignification {unknown}
 F - 4 potions of curing {unknown}
 G - a potion of magic {unknown}
Books
 c - a book of Minor Magic

   Spells                             Type                      Level
   a - Magic Dart                     Conjuration                  1
   b - Blink                          Translocation                2
   c - Call Imp                       Summoning                    2
   d - Repel Missiles                 Charms/Air                   2
   e - Slow                           Hexes                        2
   f - Conjure Flame                  Conjuration/Fire             3
   g - Mephitic Cloud                 Conjuration/Poison/Air       3
 p - a book of Geomancy

   Spells                             Type                      Level
   a - Sandblast                      Earth                        1
   b - Passwall                       Transmutation/Earth          2
   c - Stone Arrow                    Conjuration/Earth            3
   d - Petrify                        Transmutation/Earth          4
   e - Lee's Rapid Deconstruction     Earth                        5
Comestibles
 d - a bread ration
 h - 4 meat rations
 E - a beef jerky


   Skills:
 + Level 3.3 Fighting
 + Level 5.6 Dodging
 + Level 6.0 Stealth
 + Level 3.6 Shields
 * Level 9.3 Spellcasting
 + Level 4.9 Conjurations
 - Level 3.4 Hexes
 - Level 3.0 Charms
 - Level 2.1 Summonings
 - Level 2.5 Translocations
 + Level 0.7 Transmutations
 - Level 3.0 Air Magic
 + Level 0.4 Earth Magic
 - Level 3.8 Poison Magic
 + Level 2.4 Invocations
 + Level 3.1 Evocations


You had 6 spell levels left.
You knew the following spells:

 Your Spells              Type           Power        Failure   Level  Hunger
a - Magic Dart            Conj           ####         1%          1    None
b - Call Imp              Summ           ###.....     3%          2    None
c - Blink                 Tloc           N/A          2%          2    None
d - Repel Missiles        Chrm/Air       ####..       1%          2    None
e - Mephitic Cloud        Conj/Pois/Air  ####....     2%          3    None
f - Conjure Flame         Conj/Fire      ####....     6%          3    None
g - Slow                  Hex            ####....     1%          2    None
s - Stone Arrow           Conj/Erth      ####..       4%          3    None
C - Passwall              Tmut/Erth      ###.......   8%          2    None


Dungeon Overview and Level Annotations

Branches:
Dungeon (7/15)             Temple (1/1) D:5

Altars:
Ashenzari
Cheibriados
Dithmenos
Elyvilon
Fedhas
Gozag
Hepliaklqana
Kikubaaqudgha
Makhleb
Nemelex Xobeh
Okawaru
Qazlal
Ru
Sif Muna
Trog
Uskayaw
Vehumet
Xom
Zin
The Shining One


Message History

Casting: Magic Dart
Confirm with . or Enter, or press ? or * to list all spells.
Aiming: Magic Dart
Press: ? - help, Shift-Dir - straight line, f/p - slime creature
Aim: a slime creature (lightly wounded)
The magic dart hits the slime creature.
The slime creature is moderately wounded.
The slime creature misses you. The slime creature hits you!
* * * LOW HITPOINT WARNING * * *
Casting: Magic Dart
Confirm with . or Enter, or press ? or * to list all spells.
Aiming: Stone Arrow
Press: ? - help, Shift-Dir - straight line, f/p - slime creature
Aim: a slime creature (lightly wounded)
The stone arrow hits the slime creature.
The slime creature is moderately wounded.
The slime creature hits you.
* * * LOW HITPOINT WARNING * * *
The slime creature hits you!
You die...

.....PP####.# #>..########.#
...÷÷P..PP### #...# ##.######
......PPPPP♣# #...# #........
........#PP♣. #...# #..######
§§..).♣####♣P###..#######..#
§§...)♣.P## #.....##.......#
...÷)...PP###♣P..[##.#####.# #
†..).)♣♣)♣P####...##(# #.# ##
†..÷.♣♣PP..P####@.##.## #.#####.
...)♣.P#P♣....##JJ#...####.#....#
..).P♣P##.P..P##...........#.###.
....♣P####.P......#..............
.....♣##.###♣....###......#######
..♣♣P♣#..# ##.J..#.>#.##.# #
P♣♣P####.########).#.#.##.# # .♣
#......))..(....##.# # P♣
##########.[..####.# #


You could see 3 slime creatures.

Vanquished Creatures
  Pikel (D:7)
  The ghost of sveltemanboy the Basher, a novice GrMo of Okawaru (D:7)
  A slime creature (D:7)
  Eustachio (D:4)
  Menkaure (D:5)
  A water moccasin (D:6)
  Duvessa (D:4)
  2 orc warriors (D:6)
  4 phantoms
  3 sky beasts
  3 ogres
  A bullfrog (D:6)
  Dowan (D:4)
  3 scorpions
  A water moccasin skeleton (D:4)
  A crimson imp (D:5)
  A bullfrog zombie (D:5)
  3 hounds
  3 orc priests
  Crazy Yiuf (D:2)
  2 jellies (D:6)
  3 orc wizards
  Jessica (D:2)
  Ijyb (D:3)
  7 worker ants
  Terence (D:3)
  5 gnolls
  3 adders
  3 river rats (D:4)
  4 oozes
  An adder zombie (D:7)
  An adder skeleton (D:7)
  6 worms
  2 dart slugs
  2 leopard geckos (D:6)
  11 orcs
  7 giant cockroaches
  5 goblins
  9 hobgoblins
  7 jackals
  3 quokkas
  7 ball pythons
  6 bats
  4 frilled lizards
  21 kobolds
  A leopard gecko skeleton (D:6)
  A leopard gecko zombie (D:5)
  6 rats
164 creatures vanquished.

Vanquished Creatures (collateral kills)
  A rat (D:3)
1 creature vanquished.

Vanquished Creatures (others)
  4 slaves (D:7)
  A big kobold (D:7)
  A giant cockroach (D:3)
  12 kobolds (D:7)
  7 plants (D:7)
25 creatures vanquished.

Grand Total: 190 creatures vanquished

Notes
Turn   | Place    | Note
-------+----------+-------------------------------------------
     0 | D:1      | Mefis the Deep Elf Wizard began the quest for the Orb.
     0 | D:1      | Reached XP level 1. HP: 10/10 MP: 7/7
   311 | D:1      | Reached XP level 2. HP: 6/16 MP: 0/9
   315 | D:1      | Learned a level 2 spell: Call Imp
   318 | D:1      | Learned a level 2 spell: Blink
   321 | D:1      | Learned a level 2 spell: Repel Missiles
   641 | D:1      | Reached skill level 1 in Shields
   818 | D:1      | Reached skill level 5 in Spellcasting
   818 | D:1      | Reached XP level 3. HP: 20/20 MP: 5/11
   823 | D:1      | Learned a level 3 spell: Mephitic Cloud
  1363 | D:2      | Noticed Jessica
  1371 | D:2      | Killed Jessica
  1371 | D:2      | Reached skill level 1 in Poison Magic
  1371 | D:2      | Reached XP level 4. HP: 23/24 MP: 1/13
  1546 | D:2      | Found an iron altar of Okawaru.
  1548 | D:2      | Found a blossoming altar of Fedhas.
  1591 | D:2      | Found a runed door.
  1784 | D:2      | Found a shimmering altar of Xom.
  1837 | D:2      | Noticed Crazy Yiuf
  1851 | D:2      | Killed Crazy Yiuf
  1851 | D:2      | Reached skill level 1 in Fighting
  2226 | D:3      | Found a stormy altar of Qazlal.
  2298 | D:3      | Reached XP level 5. HP: 29/29 MP: 3/15
  2304 | D:3      | Reached skill level 1 in Air Magic
  2584 | D:3      | Noticed Terence
  2588 | D:3      | Noticed Ijyb
  2599 | D:3      | Killed Terence
  2623 | D:3      | Killed Ijyb
  3117 | D:4      | Noticed Dowan
  3121 | D:4      | Noticed Duvessa
  3140 | D:4      | Killed Duvessa
  3140 | D:4      | Reached skill level 6 in Spellcasting
  3140 | D:4      | Reached XP level 6. HP: 34/34 MP: 6/17
  3146 | D:4      | Killed Dowan
  3238 | D:4      | Noticed Eustachio
  3258 | D:4      | Killed Eustachio
  3264 | D:4      | Reached XP level 7. HP: 35/39 MP: 6/18
  3404 | D:4      | Found a glowing drain.
  3445 | Sewer    | Entered a sewer
  4695 | D:4      | Reached skill level 7 in Spellcasting
  4797 | D:5      | Entered Level 5 of the Dungeon
  4797 | D:5      | Found a staircase to the Ecumenical Temple.
  4813 | Temple   | Entered the Ecumenical Temple
  4836 | Temple   | Became a worshipper of Sif Muna the Loreminder
  4893 | Temple   | Learned a level 3 spell: Conjure Flame
  4896 | Temple   | Learned a level 2 spell: Slow
  5133 | D:5      | Reached skill level 1 in Hexes
  5133 | D:5      | Reached XP level 8. HP: 44/44 MP: 9/20
  5236 | D:5      | Noticed Menkaure
  5246 | D:5      | Killed Menkaure
  5441 | D:5      | Reached skill level 1 in Evocations
  5570 | D:5      | Found a radiant altar of Vehumet.
  5702 | D:6      | Reached skill level 5 in Stealth
  6049 | D:6      | Reached * piety under Sif Muna
  6049 | D:6      | Reached skill level 5 in Dodging
  6067 | D:6      | Reached skill level 8 in Spellcasting
  6671 | D:6      | Reached XP level 9. HP: 44/49 MP: 20/23
  7319 | D:7      | Reached skill level 1 in Charms
  7450 | D:7      | Reached skill level 1 in Invocations
  7480 | D:7      | Noticed Pikel
  7503 | D:7      | Killed Pikel
  7503 | D:7      | Reached ** piety under Sif Muna
  7521 | D:7      | Noticed sveltemanboy's ghost (novice GrMo)
  7588 | D:7      | Killed sveltemanboy's ghost
  7588 | D:7      | Reached skill level 9 in Spellcasting
  7869 | D:7      | Learned a level 3 spell: Stone Arrow
  7872 | D:7      | Learned a level 2 spell: Passwall
  8321 | D:7      | Slain by a slime creature

Skill      XL: |  1  2  3  4  5  6  7  8  9 |
---------------+----------------------------+-----
Shields        | 1 2 3 |  3.6
Spellcasting   | 5 6 7 8 9 |  9.3
Dodging        | 3 4 5 |  5.6
Poison Magic   | 1 2 3 |  3.8
Fighting       | 1 2 3 |  3.3
Air Magic      | 1 2 3 |  3.0
Stealth        | 3 4 5 6 |  6.0
Conjurations   | 2 3 4 |  4.9
Hexes          | 1 2 3 |  3.4
Evocations     | 2 3 |  3.1
Charms         | 3 |  3.0
Translocations | 2 |  2.5
Invocations    | 2 |  2.4
Summonings     | 2 |  2.1
Transmutations | |  0.7
Earth Magic    | |  0.4

Action                   |  1- 3 |  4- 6 |  7- 9 || total
-------------------------+-------+-------+-------++-------
Melee: Spear             |    11 |     1 |       ||    12
       Quarterstaff      |       |    43 |    39 ||    82
 Fire: Blowgun           |       |       |    20 ||    20
 Cast: Magic Dart        |    71 |    57 |   401 ||   529
       Repel Missiles    |     1 |       |     1 ||     2
       Mephitic Cloud    |     1 |    13 |    18 ||    32
       Call Imp          |       |     4 |     2 ||     6
       Blink             |       |     3 |     4 ||     7
       Conjure Flame     |       |       |    16 ||    16
       Slow              |       |       |     4 ||     4
       Stone Arrow       |       |       |     6 ||     6
Invok: Divine Energy     |       |       |     1 ||     1
  Use: Scroll            |       |     8 |     5 ||    13
 Stab: Sleeping          |     2 |     2 |     3 ||     7
       Confused          |       |     5 |     4 ||     9
       Paralysed         |       |     4 |       ||     4
  Eat: Chunk             |     1 |     5 |     7 ||    13
       Bread ration      |       |       |     2 ||     2
Armor: Robe              |     1 |     8 |     8 ||    17
Dodge: Dodged            |    16 |    13 |    60 ||    89
       Deflected         |       |       |     4 ||     4
